Connexion

Heat vs Comets

Created - 22 janvier 2024 at 05:50

Goals
1 2 3 T
Heat 2 1 0 3
Comets 0 0 1 1
Shots
1 2 3 T
Heat 3 6 6 15
Comets 10 4 7 21

GoalsPenalties
1st period
1. Heat , Tyce Thompson 18 (Kevin Gravel 16, Aidan McDonough 34) at 4:29
2. Heat , Artur Kayumov 5 (Jesper Lindgren 24) at 4:41
Trevor Lewis (UTI) for High sticking (Minor) at 8:28
2nd period
3. Heat , Egor Sokolov 13 (John Albert 10, Brinson Pasichnuk 35) at 11:40
Brandon Davidson (UTI) for Cross-checking (Minor) at 5:04
3rd period
4. Comets , Derek Ryan 27 (Trevor Lewis 31) at 19:51
Chris Terry (UTI) for Tripping (Minor) at 0:38
John Albert (STO) for Hooking (Minor) at 2:39
Goalie Stats
Jake Paterson (STO), 20 saves from 21 shots - (0,952), W, 11-6-1, 60:00 minutes
David Rittich (UTI), 12 saves from 15 shots - (0,800), L, 26-10-3, 60:00 minutes
3 StarsOfficial
1 - Artur Kayumov (STO)
2 - Egor Sokolov (STO)
3 - Tyce Thompson (STO)
Referees : Tom Kowal and Brad Watson
Linesman : Scott Cherrey and Tony Sericolo
Game Note
No Game Note
Finance
Level 1 -- Attendance: 1896 (94,80%) -- Ticket Income $66,360
Level 2 -- Attendance: 1000 (100,00%) -- Ticket Income $15,000
Total Attendance: 2896 (96,53%)
Total Ticket Income: $81,360
Other Income: $16,272
Total Income: $97,632



Team Name Goals Shots Shots Attemp Shots Blocked PIM HIT PP PK FO%
Heat 3153582130 / 3 (0%)051%
Comets 1216676130 / 1 (0%)049%

Heat
Player Name POS G A P +/- PIM HIT SHT SB MP PP MP PP SHT PK MP PK SHT FO% FOT
Aidan McDonoughLW0110011019:553:0710:410100% 2
Artur KayumovLW/RW101200207:220:0000:0000% 0
Brett LeasonRW0000021012:330:0000:0000% 0
Brinson PasichnukD0112000021:163:3100:4700% 0
Cole SchneiderLW/RW0000000012:330:0000:000100% 1
Egor SokolovLW/RW101200107:240:0000:00050% 2
Greg McKeggC/LW/RW0000021019:143:0700:00056% 18
Jan JenikC/RW0000001012:330:0000:00067% 9
Jesper LindgrenD0110021116:140:1700:0000% 0
John Albert C011220007:210:0000:00020% 5
Jordan SubbanD0000020115:580:0000:0000% 0
Kevin GravelD0112003021:163:3120:4700% 0
Kyle CriscuoloC/RW0000002019:332:5000:4100% 0
Mathieu JosephLW/RW0000010020:412:5001:1800% 3
Nathan SmithC0000010120:102:5001:18050% 22
Steven OleksyD0000001122:442:2601:1200% 0
Tarmo ReunanenD0000000321:592:0901:1200% 0
Tyce ThompsonRW1010021119:143:0700:0000% 1
Comets
Player Name POS G A P +/- PIM HIT SHT SB MP PP MP PP SHT PK MP PK SHT FO% FOT
Brandon DavidsonD000-1220121:560:5901:2000% 0
Chase De LeoC/LW000-1002016:181:0000:05075% 4
Chris TerryLW/RW000-1204019:130:5911:250100% 2
Cliff PuRW000000108:150:0000:0000% 1
Dennis YanLW0000001010:480:0002:3300% 2
Derek RyanC101-1003020:410:1703:37059% 22
Frederik GauthierC0000012012:040:0000:15030% 10
Griffin ReinhartD000-1001116:560:0001:2200% 0
Jordan SchmaltzD000-1010115:330:0000:5000% 0
Josh ArchibaldRW000-1051016:131:0000:0000% 0
Kevin CzucmanD0000010121:101:0002:3000% 0
Logan NelsonC000000008:300:0000:15067% 6
Markus NiemelainenD000-1010222:090:5902:2300% 0
Matt BartkowskiD0000001021:391:0002:5900% 0
Michael JolyRW0000000011:490:0000:000100% 1
Michael RafflLW/RW0000021012:310:4200:0000% 0
Trevor LewisC/RW011-1203118:380:5900:530100% 2
Tyler AngleC000-1001019:371:0003:21023% 13



Play-by-Play

1st period


0:01 of 1st period - Derek Ryan wins face-off versus Nathan Smith in neutral zone.
0:22 of 1st period - Shot by Nathan Smith.
0:22 of 1st period - Shot Blocked by Trevor Lewis.
0:24 of 1st period - Shot by Nathan Smith.
0:24 of 1st period - Shot Blocked by Markus Niemelainen.
0:26 of 1st period - Shot by Kyle Criscuolo.
0:26 of 1st period - Shot Misses the Net.
0:28 of 1st period - Shot by Nathan Smith.
0:28 of 1st period - Shot Blocked by Brandon Davidson.
0:49 of 1st period - Icing by Brandon Davidson.
0:50 of 1st period - Derek Ryan wins face-off versus Greg McKegg in Comets zone.
0:50 of 1st period - Markus Niemelainen is hit by Tyce Thompson.
0:51 of 1st period - Icing by Markus Niemelainen.
0:52 of 1st period - Greg McKegg wins face-off versus Derek Ryan in Comets zone.
1:10 of 1st period - Tyce Thompson is hit by Brandon Davidson and loses puck.
1:40 of 1st period - Icing by Kevin Czucman.
1:41 of 1st period - Jan Jenik wins face-off versus Tyler Angle in Comets zone.
1:51 of 1st period - Icing by Matt Bartkowski.
1:52 of 1st period - Chase De Leo wins face-off versus John Albert in Comets zone.
1:57 of 1st period - Shot by Josh Archibald.
1:57 of 1st period - Stopped by Jake Paterson without a rebound.
1:58 of 1st period - Jan Jenik wins face-off versus Frederik Gauthier in Heat zone.
1:58 of 1st period - Brett Leason is hit by Michael Raffl and loses puck.
2:11 of 1st period - Shot by Griffin Reinhart.
2:11 of 1st period - Stopped by Jake Paterson with a rebound.
2:13 of 1st period - Shot by Michael Raffl.
2:13 of 1st period - Shot Misses the Net.
2:24 of 1st period - Michael Raffl is hit by Jesper Lindgren and loses puck.
2:30 of 1st period - Michael Joly is hit by Jordan Subban and loses puck.
2:46 of 1st period - Off-side.
2:47 of 1st period - Nathan Smith wins face-off versus Logan Nelson in neutral zone.
3:14 of 1st period - Shot by Logan Nelson.
3:14 of 1st period - Shot Misses the Net.
3:16 of 1st period - Shot by Dennis Yan.
3:16 of 1st period - Deflect By Logan Nelson.
3:16 of 1st period - Shot Misses the Net.
3:26 of 1st period - Shot by Cliff Pu.
3:26 of 1st period - Shot Blocked by Tarmo Reunanen.
3:33 of 1st period - Icing by Nathan Smith.
3:34 of 1st period - Tyler Angle wins face-off versus Nathan Smith in Heat zone.
3:49 of 1st period - Shot by Tyler Angle.
3:49 of 1st period - Shot Misses the Net.
3:53 of 1st period - Shot by Brandon Davidson.
3:53 of 1st period - Shot Misses the Net.
3:55 of 1st period - Shot by Chase De Leo.
3:55 of 1st period - Stopped by Jake Paterson without a rebound.
3:56 of 1st period - Greg McKegg wins face-off versus Derek Ryan in Heat zone.
4:29 of 1st period - Shot by Tyce Thompson.
4:29 of 1st period - Goal by Tyce Thompson - Heat : 1 - Comets : 0.
4:30 of 1st period - John Albert wins face-off versus Tyler Angle in neutral zone.
4:41 of 1st period - Shot by Artur Kayumov.
4:41 of 1st period - Goal by Artur Kayumov - Heat : 2 - Comets : 0.
4:42 of 1st period - Cole Schneider wins face-off versus Frederik Gauthier in neutral zone.
5:02 of 1st period - Shot by Michael Raffl.
5:02 of 1st period - Shot Misses the Net.
5:46 of 1st period - Shot by Josh Archibald.
5:46 of 1st period - Shot Misses the Net.
5:48 of 1st period - Shot by Josh Archibald.
5:48 of 1st period - Shot Misses the Net.
5:50 of 1st period - Shot by Tyler Angle.
5:50 of 1st period - Shot Misses the Net.
6:50 of 1st period - Shot by Chris Terry.
6:50 of 1st period - Stopped by Jake Paterson without a rebound.
6:51 of 1st period - Greg McKegg wins face-off versus Cliff Pu in Heat zone.
7:02 of 1st period - Shot by Dennis Yan.
7:02 of 1st period - Shot Misses the Net.
7:04 of 1st period - Shot by Cliff Pu.
7:04 of 1st period - Shot Misses the Net.
7:06 of 1st period - Shot by Logan Nelson.
7:06 of 1st period - Deflect By Dennis Yan.
7:06 of 1st period - Shot Misses the Net.
7:08 of 1st period - Shot by Logan Nelson.
7:08 of 1st period - Deflect By Dennis Yan.
7:08 of 1st period - Shot Misses the Net.
7:10 of 1st period - Shot by Dennis Yan.
7:10 of 1st period - Shot Misses the Net.
7:45 of 1st period - Icing by Brandon Davidson.
7:46 of 1st period - Nathan Smith wins face-off versus Frederik Gauthier in Comets zone.
8:07 of 1st period - Shot by Mathieu Joseph.
8:07 of 1st period - Shot Hit the Post.
8:21 of 1st period - Shot by Michael Joly.
8:21 of 1st period - Shot Blocked by Tarmo Reunanen.
8:23 of 1st period - Shot by Frederik Gauthier.
8:23 of 1st period - Stopped by Jake Paterson with a rebound.
8:28 of 1st period - Minor Penalty to Trevor Lewis for High sticking.
8:29 of 1st period - Greg McKegg wins face-off versus Derek Ryan in Comets zone.
8:32 of 1st period - Shot by Aidan McDonough.
8:32 of 1st period - Shot Misses the Net.
11:23 of 1st period - Shot by Logan Nelson.
11:23 of 1st period - Shot Hit the Post.
11:25 of 1st period - Shot by Kevin Czucman.
11:25 of 1st period - Shot Blocked by Jesper Lindgren.
11:35 of 1st period - Shot by Cliff Pu.
11:35 of 1st period - Stopped by Jake Paterson without a rebound.
11:36 of 1st period - Jan Jenik wins face-off versus Tyler Angle in Heat zone.
11:36 of 1st period - Tarmo Reunanen is hit by Josh Archibald and loses puck.
11:46 of 1st period - Icing by Cole Schneider.
11:47 of 1st period - Derek Ryan wins face-off versus Jan Jenik in Heat zone.
11:54 of 1st period - Shot by Trevor Lewis.
11:54 of 1st period - Stopped by Jake Paterson with a rebound.
12:45 of 1st period - Shot by Nathan Smith.
12:45 of 1st period - Deflect By Mathieu Joseph.
12:45 of 1st period - Shot Misses the Net.
12:47 of 1st period - Shot by Kevin Gravel.
12:47 of 1st period - Stopped by David Rittich without a rebound.
12:48 of 1st period - Logan Nelson wins face-off versus Nathan Smith in Comets zone.
13:17 of 1st period - Shot by Dennis Yan.
13:17 of 1st period - Stopped by Jake Paterson with a rebound.
13:19 of 1st period - Shot by Dennis Yan.
13:19 of 1st period - Shot Misses the Net.
13:23 of 1st period - Shot by Logan Nelson.
13:23 of 1st period - Shot Misses the Net.
13:25 of 1st period - Shot by Dennis Yan.
13:25 of 1st period - Shot Misses the Net.
13:32 of 1st period - Icing by Mathieu Joseph.
13:33 of 1st period - Derek Ryan wins face-off versus Nathan Smith in Heat zone.
13:34 of 1st period - Shot by Chris Terry.
13:34 of 1st period - Stopped by Jake Paterson with a rebound.
13:40 of 1st period - Derek Ryan is hit by Nathan Smith.
13:59 of 1st period - Icing by Matt Bartkowski.
14:00 of 1st period - Derek Ryan wins face-off versus Tyce Thompson in Comets zone.
16:59 of 1st period - Shot by Jan Jenik.
16:59 of 1st period - Shot Hit the Post.
17:47 of 1st period - Shot by Derek Ryan.
17:47 of 1st period - Shot Misses the Net.
17:49 of 1st period - Shot by Brandon Davidson.
17:49 of 1st period - Shot Blocked by Tyce Thompson.
18:00 of 1st period - Derek Ryan is hit by Jordan Subban and loses puck.
18:10 of 1st period - Icing by Jordan Subban.
18:11 of 1st period - Greg McKegg wins face-off versus Tyler Angle in Heat zone.
18:16 of 1st period - Shot by Tyler Angle.
18:16 of 1st period - Stopped by Jake Paterson without a rebound.
18:17 of 1st period - Tyler Angle wins face-off versus Mathieu Joseph in Heat zone.
Goals for this period are 2 for Heat vs 0 for Comets.
Shots for this period are 3 for Heat vs 10 for Comets.

2nd period


0:01 of 2nd period - Nathan Smith wins face-off versus Derek Ryan in neutral zone.
0:09 of 2nd period - Shot by Derek Ryan.
0:09 of 2nd period - Stopped by Jake Paterson without a rebound.
0:10 of 2nd period - Chase De Leo wins face-off versus Greg McKegg in Heat zone.
0:19 of 2nd period - Matt Bartkowski is hit by Aidan McDonough and loses puck.
0:41 of 2nd period - Matt Bartkowski is hit by Greg McKegg and loses puck.
1:17 of 2nd period - Derek Ryan is hit by Tyce Thompson and loses puck.
1:47 of 2nd period - Icing by Kyle Criscuolo.
1:48 of 2nd period - Nathan Smith wins face-off versus Frederik Gauthier in Heat zone.
2:09 of 2nd period - Shot by Kyle Criscuolo.
2:09 of 2nd period - Shot Misses the Net.
2:18 of 2nd period - Off-side.
2:19 of 2nd period - Chase De Leo wins face-off versus Jan Jenik in neutral zone.
4:03 of 2nd period - Icing by Matt Bartkowski.
4:04 of 2nd period - Greg McKegg wins face-off versus Tyler Angle in Comets zone.
5:04 of 2nd period - Minor Penalty to Brandon Davidson for Cross-checking.
5:05 of 2nd period - Nathan Smith wins face-off versus Derek Ryan in Comets zone.
5:08 of 2nd period - Shot by Mathieu Joseph.
5:08 of 2nd period - Shot Misses the Net.
5:24 of 2nd period - Shot by Nathan Smith.
5:24 of 2nd period - Shot Blocked by Griffin Reinhart.
5:26 of 2nd period - Shot by Kevin Gravel.
5:26 of 2nd period - Stopped by David Rittich with a rebound.
5:28 of 2nd period - Shot by Kevin Gravel.
5:28 of 2nd period - Stopped by David Rittich without a rebound.
5:29 of 2nd period - Chris Terry wins face-off versus Nathan Smith in Comets zone.
6:37 of 2nd period - Icing by Kevin Gravel.
6:38 of 2nd period - Aidan McDonough wins face-off versus Dennis Yan in Heat zone.
7:12 of 2nd period - Jan Jenik is hit by Michael Raffl.
8:20 of 2nd period - Icing by Griffin Reinhart.
8:21 of 2nd period - Frederik Gauthier wins face-off versus Egor Sokolov in Comets zone.
8:23 of 2nd period - Icing by Brandon Davidson.
8:24 of 2nd period - Greg McKegg wins face-off versus Frederik Gauthier in Comets zone.
8:54 of 2nd period - Icing by Brinson Pasichnuk.
8:55 of 2nd period - Derek Ryan wins face-off versus Greg McKegg in Heat zone.
8:56 of 2nd period - Shot by Chris Terry.
8:56 of 2nd period - Stopped by Jake Paterson without a rebound.
8:57 of 2nd period - Derek Ryan wins face-off versus Nathan Smith in Heat zone.
10:39 of 2nd period - Off-side.
10:40 of 2nd period - Jan Jenik wins face-off versus Logan Nelson in neutral zone.
10:47 of 2nd period - Dennis Yan is hit by Brett Leason and loses puck.
11:02 of 2nd period - Shot by Jan Jenik.
11:02 of 2nd period - Shot Misses the Net.
11:04 of 2nd period - Shot by Jesper Lindgren.
11:04 of 2nd period - Stopped by David Rittich without a rebound.
11:05 of 2nd period - Derek Ryan wins face-off versus John Albert in Comets zone.
11:22 of 2nd period - Shot by Derek Ryan.
11:22 of 2nd period - Shot Misses the Net.
11:40 of 2nd period - Shot by Egor Sokolov.
11:40 of 2nd period - Goal by Egor Sokolov - Heat : 3 - Comets : 0.
11:41 of 2nd period - Greg McKegg wins face-off versus Frederik Gauthier in neutral zone.
11:45 of 2nd period - Tyce Thompson is hit by Kevin Czucman.
12:03 of 2nd period - Icing by Jordan Subban.
12:04 of 2nd period - Aidan McDonough wins face-off versus Tyler Angle in Heat zone.
12:47 of 2nd period - Aidan McDonough is hit by Josh Archibald and loses puck.
12:58 of 2nd period - Trevor Lewis is hit by Greg McKegg and loses puck.
16:01 of 2nd period - Brett Leason is hit by Josh Archibald and loses puck.
16:18 of 2nd period - Chase De Leo is hit by Brett Leason and loses puck.
16:26 of 2nd period - Icing by Jordan Schmaltz.
16:27 of 2nd period - Nathan Smith wins face-off versus Tyler Angle in Comets zone.
16:28 of 2nd period - Shot by Kyle Criscuolo.
16:28 of 2nd period - Stopped by David Rittich without a rebound.
16:29 of 2nd period - Trevor Lewis wins face-off versus Greg McKegg in Comets zone.
16:52 of 2nd period - Shot by Trevor Lewis.
16:52 of 2nd period - Stopped by Jake Paterson with a rebound.
16:54 of 2nd period - Shot by Derek Ryan.
16:54 of 2nd period - Shot Misses the Net.
16:56 of 2nd period - Shot by Trevor Lewis.
16:56 of 2nd period - Shot Misses the Net.
16:58 of 2nd period - Shot by Derek Ryan.
16:58 of 2nd period - Shot Misses the Net.
17:06 of 2nd period - Shot by Matt Bartkowski.
17:06 of 2nd period - Stopped by Jake Paterson with a rebound.
17:37 of 2nd period - Shot by Dennis Yan.
17:37 of 2nd period - Shot Blocked by Steven Oleksy.
18:40 of 2nd period - Shot by Kyle Criscuolo.
18:40 of 2nd period - Stopped by David Rittich without a rebound.
18:41 of 2nd period - Jan Jenik wins face-off versus Derek Ryan in Comets zone.
19:05 of 2nd period - Shot by Derek Ryan.
19:05 of 2nd period - Shot Misses the Net.
19:07 of 2nd period - Shot by Derek Ryan.
19:07 of 2nd period - Deflect By Chris Terry.
19:07 of 2nd period - Shot Misses the Net.
19:09 of 2nd period - Shot by Markus Niemelainen.
19:09 of 2nd period - Shot Misses the Net.
Goals for this period are 1 for Heat vs 0 for Comets.
Shots for this period are 6 for Heat vs 4 for Comets.

3rd period


0:01 of 3rd period - Nathan Smith wins face-off versus Derek Ryan in neutral zone.
0:10 of 3rd period - Shot by Nathan Smith.
0:10 of 3rd period - Shot Misses the Net.
0:15 of 3rd period - Icing by Derek Ryan.
0:16 of 3rd period - Derek Ryan wins face-off versus Greg McKegg in Comets zone.
0:38 of 3rd period - Minor Penalty to Chris Terry for Tripping.
0:39 of 3rd period - Derek Ryan wins face-off versus Nathan Smith in Comets zone.
1:35 of 3rd period - Icing by Aidan McDonough.
1:36 of 3rd period - Trevor Lewis wins face-off versus Greg McKegg in Heat zone.
1:44 of 3rd period - Icing by Kevin Gravel.
1:45 of 3rd period - Greg McKegg wins face-off versus Tyler Angle in Heat zone.
2:02 of 3rd period - Shot by Brinson Pasichnuk.
2:02 of 3rd period - Shot Misses the Net.
2:22 of 3rd period - Shot by Aidan McDonough.
2:22 of 3rd period - Stopped by David Rittich with a rebound.
2:24 of 3rd period - Shot by Brinson Pasichnuk.
2:24 of 3rd period - Shot Misses the Net.
2:39 of 3rd period - Minor Penalty to John Albert for Hooking.
2:40 of 3rd period - Chris Terry wins face-off versus Mathieu Joseph in Heat zone.
3:03 of 3rd period - Shot by Chris Terry.
3:03 of 3rd period - Shot Blocked by Nathan Smith.
3:05 of 3rd period - Shot by Michael Raffl.
3:05 of 3rd period - Shot Misses the Net.
3:07 of 3rd period - Shot by Michael Raffl.
3:07 of 3rd period - Shot Misses the Net.
3:11 of 3rd period - Shot by Michael Raffl.
3:11 of 3rd period - Shot Blocked by Tarmo Reunanen.
3:13 of 3rd period - Shot by Markus Niemelainen.
3:13 of 3rd period - Shot Misses the Net.
3:19 of 3rd period - Shot by Chris Terry.
3:19 of 3rd period - Shot Misses the Net.
3:21 of 3rd period - Shot by Trevor Lewis.
3:21 of 3rd period - Deflect By Chris Terry.
3:21 of 3rd period - Stopped by Jake Paterson without a rebound.
3:22 of 3rd period - Tyler Angle wins face-off versus Mathieu Joseph in Heat zone.
4:57 of 3rd period - Shot by Frederik Gauthier.
4:57 of 3rd period - Stopped by Jake Paterson without a rebound.
4:58 of 3rd period - Logan Nelson wins face-off versus John Albert in Heat zone.
6:39 of 3rd period - Mathieu Joseph is hit by Brandon Davidson.
7:29 of 3rd period - Shot by Trevor Lewis.
7:29 of 3rd period - Shot Misses the Net.
7:37 of 3rd period - Shot by Jan Jenik.
7:37 of 3rd period - Stopped by David Rittich with a rebound.
7:59 of 3rd period - Shot by Artur Kayumov.
7:59 of 3rd period - Stopped by David Rittich without a rebound.
8:00 of 3rd period - Greg McKegg wins face-off versus Chase De Leo in Comets zone.
8:01 of 3rd period - Shot by Aidan McDonough.
8:01 of 3rd period - Shot Blocked by Kevin Czucman.
8:07 of 3rd period - Steven Oleksy is hit by Josh Archibald and loses puck.
8:22 of 3rd period - Steven Oleksy is hit by Josh Archibald and loses puck.
8:31 of 3rd period - Shot by Chase De Leo.
8:31 of 3rd period - Shot Misses the Net.
8:33 of 3rd period - Shot by Tyler Angle.
8:33 of 3rd period - Shot Misses the Net.
8:35 of 3rd period - Shot by Josh Archibald.
8:35 of 3rd period - Shot Misses the Net.
8:48 of 3rd period - Icing by Tarmo Reunanen.
8:49 of 3rd period - Frederik Gauthier wins face-off versus Greg McKegg in Heat zone.
8:50 of 3rd period - Shot by Michael Raffl.
8:50 of 3rd period - Stopped by Jake Paterson without a rebound.
8:51 of 3rd period - Michael Joly wins face-off versus Nathan Smith in Heat zone.
9:09 of 3rd period - Off-side.
9:10 of 3rd period - Jan Jenik wins face-off versus Derek Ryan in neutral zone.
9:49 of 3rd period - Shot by Jan Jenik.
9:49 of 3rd period - Shot Misses the Net.
10:15 of 3rd period - Shot by Kyle Criscuolo.
10:15 of 3rd period - Shot Blocked by Markus Niemelainen.
11:17 of 3rd period - Shot by Greg McKegg.
11:17 of 3rd period - Stopped by David Rittich without a rebound.
11:18 of 3rd period - Frederik Gauthier wins face-off versus John Albert in Comets zone.
12:09 of 3rd period - Shot by Steven Oleksy.
12:09 of 3rd period - Stopped by David Rittich with a rebound.
12:11 of 3rd period - Shot by Brett Leason.
12:11 of 3rd period - Stopped by David Rittich without a rebound.
12:12 of 3rd period - Derek Ryan wins face-off versus Nathan Smith in Comets zone.
12:12 of 3rd period - Kevin Czucman is hit by Mathieu Joseph and loses puck.
12:37 of 3rd period - Shot by Chris Terry.
12:37 of 3rd period - Shot Misses the Net.
12:39 of 3rd period - Shot by Derek Ryan.
12:39 of 3rd period - Deflect By Chris Terry.
12:39 of 3rd period - Shot Misses the Net.
12:41 of 3rd period - Shot by Derek Ryan.
12:41 of 3rd period - Stopped by Jake Paterson with a rebound.
12:43 of 3rd period - Shot by Derek Ryan.
12:43 of 3rd period - Deflect By Trevor Lewis.
12:43 of 3rd period - Stopped by Jake Paterson without a rebound.
12:44 of 3rd period - Logan Nelson wins face-off versus Greg McKegg in Heat zone.
12:45 of 3rd period - Shot by Dennis Yan.
12:45 of 3rd period - Shot Blocked by Jordan Subban.
12:54 of 3rd period - Jesper Lindgren is hit by Markus Niemelainen.
13:15 of 3rd period - Markus Niemelainen is hit by Jesper Lindgren and loses puck.
13:24 of 3rd period - Icing by Brandon Davidson.
13:25 of 3rd period - Nathan Smith wins face-off versus Dennis Yan in Comets zone.
13:44 of 3rd period - Off-side.
13:45 of 3rd period - Derek Ryan wins face-off versus Jan Jenik in neutral zone.
14:44 of 3rd period - Icing by Matt Bartkowski.
14:45 of 3rd period - Nathan Smith wins face-off versus Derek Ryan in Comets zone.
15:03 of 3rd period - Mathieu Joseph is hit by Jordan Schmaltz.
15:37 of 3rd period - Shot by Aidan McDonough.
15:37 of 3rd period - Shot Blocked by Jordan Schmaltz.
16:39 of 3rd period - Aidan McDonough is hit by Frederik Gauthier.
17:18 of 3rd period - Icing by Dennis Yan.
17:19 of 3rd period - Logan Nelson wins face-off versus Nathan Smith in Comets zone.
17:31 of 3rd period - Icing by Mathieu Joseph.
17:32 of 3rd period - Derek Ryan wins face-off versus Nathan Smith in Heat zone.
18:19 of 3rd period - Icing by Brinson Pasichnuk.
18:20 of 3rd period - Nathan Smith wins face-off versus Tyler Angle in Heat zone.
18:45 of 3rd period - Shot by Chase De Leo.
18:45 of 3rd period - Stopped by Jake Paterson without a rebound.
18:46 of 3rd period - Egor Sokolov wins face-off versus Frederik Gauthier in Heat zone.
19:19 of 3rd period - Shot by John Albert .
19:19 of 3rd period - Shot Misses the Net.
19:49 of 3rd period - Shot by Derek Ryan.
19:49 of 3rd period - Shot Misses the Net.
19:51 of 3rd period - Shot by Derek Ryan.
19:51 of 3rd period - Goal by Derek Ryan - Heat : 3 - Comets : 1.
19:52 of 3rd period - Nathan Smith wins face-off versus Tyler Angle in neutral zone.
Goals for this period are 0 for Heat vs 1 for Comets.
Shots for this period are 6 for Heat vs 7 for Comets.